 Dungeon Crawl Stone Soup version 0.22.1-1-ga44c0e5 (webtiles) character file.

2344 stormannn the Gouger (level 9, -9/46 HPs)
             Began as a Felid Berserker on Oct 20, 2018.
             Was an Elder of Trog.
             Mangled by an orc warrior
             ... wielding a +0 trident
              (17 damage)
             ... in a bailey on Oct 21, 2018.
             The game lasted 00:17:24 (8374 turns).

stormannn the Gouger (Felid Berserker)              Turns: 8374, Time: 00:17:25

Health: -9/46      AC:  2    Str: 13    XL:     9   Next: 20%
Magic:  10/10      EV: 26    Int:  8    God:    Trog [****..]
Gold:   563        SH:  0    Dex: 19    Spells: 8/8 levels left
                                        Lives:  0   Deaths: 2

rFire    + . .     SeeInvis +     - Unarmed
rCold    + . .     Gourm    .   (shield unavailable)
rNeg     + . .     Faith    .   (armour unavailable)
rPois    +         Spirit   .   (helmet unavailable)
rElec    +         Reflect  .   (cloak unavailable)
rCorr    +         Harm     .   (gloves unavailable)
MR       +++..                  (boots unavailable)
Stlth    +++.......             (no amulet)
HPRegen  1.15/turn              n - ring of positive energy
MPRegen  0.12/turn              f - ring of stealth

@: resistant, berserk cooldown, regenerating, slowed, slow
A: very small, no armour, no weapons or thrown items, stealth, claws 1, fangs 3,
see invisible, carnivore, speed 1, shaggy fur 2, slow metabolism 1, sharp paws
a: Berserk, Trog's Hand, Brothers in Arms, Renounce Religion


You were in a bailey.
You worshipped Trog.
Trog was greatly pleased with you.
You were very full.

You visited 1 branch of the dungeon, and saw 8 of its levels.
You also visited: Bailey.

You collected 563 gold pieces.

Inventory:

Hand Weapons
 y - the +10 zealot's sword {holy, *Rage rN+ EV+3}
   (You took it off an orc warrior on level 7 of the Dungeon)

   It has been blessed by the Shining One to cause great damage to the undead
   and demons.
   It affects your evasion (+3).
   It protects you from negative energy.
   It may make you go berserk in combat.
Jewellery
 f - a ring of stealth (right paw)
 m - an uncursed ring of resist corrosion
 n - a ring of positive energy (left paw)
 B - an uncursed amulet of the gourmand {unknown}
Wands
 o - a wand of digging (18)
 u - a wand of enslavement (21)
 w - a wand of clouds (7)
 E - a wand of random effects (18)
 F - a wand of flame (28)
Scrolls
 b - 12 scrolls of identify {unknown}
 c - 3 scrolls of remove curse {unknown}
 g - 3 scrolls of teleportation {unknown}
 h - 4 scrolls of immolation {unknown}
 i - 2 scrolls of random uselessness {unknown}
 k - 2 scrolls of enchant weapon {unknown}
 l - 2 scrolls of amnesia {unknown}
 p - 3 scrolls of enchant armour {unknown}
 C - a scroll of fear {unknown}
 D - 2 scrolls of magic mapping {unknown}
 G - a scroll of blinking {unknown}
Potions
 d - 2 potions of ambrosia
 e - 7 potions of curing
 j - 4 potions of flight {unknown}
 q - 3 potions of mutation {unknown}
 r - a potion of lignification {unknown}
 s - 2 potions of invisibility {unknown}
 t - 2 potions of haste {unknown}
 v - 3 potions of resistance
 x - a potion of agility {unknown}
 z - a potion of magic {unknown}
 A - 2 potions of brilliance {unknown}
 I - 2 potions of berserk rage {unknown}
Comestibles
 a - 12 rations
 H - 15 chunks of flesh


   Skills:
 * Level 9.8 Fighting
 + Level 9.4 Dodging
 * Level 9.8 Unarmed Combat


You had 8 spell levels left.
You didn't know any spells.
Your spell library was empty.

Dungeon Overview and Level Annotations

Branches:
Dungeon (8/15)             Temple (0/1) D:4
   Lair: D:8-11

Altars:
Elyvilon
Hepliaklqana
Qazlal
Ru
Sif Muna
Wu Jian
The Shining One


Innate Abilities, Weirdness & Mutations

You cannot wear armour.
You are incapable of wielding weapons or throwing items.
Your paws allow you to move quietly. (Stealth)
You have sharp claws.
You have razor-sharp teeth.
You have supernaturally acute eyesight. (SInv)
You are carnivorous and can eat meat at any time.
You cover ground quickly.
You are covered in thick fur. (AC +2)
You have a slow metabolism.
Your sharp claws are effective at attacking unaware monsters.


Message History

The orc warrior hits you from afar with a trident!
Your ogre barely misses the orc warrior.
You scratch the orc knight but do no damage.
The orc knight is severely wounded.
You are no longer berserk.
You are exhausted.
You feel yourself slow down.
The orc no longer looks unusually strong.
The orc hits you with a trident!
* * * LOW HITPOINT WARNING * * *
The orc knight misses you.
It was a potion of resistance.
You feel protected.
Your ogre completely misses the orc warrior.
The orc misses you. The orc warrior completely misses you.
The orc warrior barely misses you.
Your ogre closely misses the orc warrior.
The orc completely misses you. The orc knight closely misses you.
The orc warrior hits you from afar with a trident!
You die...

#+++++#
##.....##
#.......#
#.......#
#.......#
#.......#
#.)Ooo..#
#.).oo#
##'@o##
#.....#
#.....#
#.....#
#.....#
#.....#
##'''##
##.....##
#.......#


You could see an orc knight, 2 orc warriors, 2 orcs and a friendly ogre
(berserk).

Vanquished Creatures
  An orc knight (Bailey)
  Prince Ribbit (D:6)
  A hungry ghost (D:4)
  Duvessa (D:7)
  Purgy (D:3)
  2 ice beasts (D:5)
  A phantom (D:5)
  A sky beast (D:6)
  3 ogres
  8 orc warriors
  2 centaurs
  2 bullfrogs (D:7)
  Blork the orc (D:5)
  Dowan (D:7)
  A water moccasin zombie (D:6)
  9 killer bees
  5 wights (D:6)
  2 howler monkeys
  A crimson imp (D:5)
  A bullfrog zombie (D:5)
  5 hounds
  Crazy Yiuf (D:2)
  A bullfrog skeleton (D:4)
  4 orc priests
  4 orc wizards
  Jessica (D:3)
  3 iguanas
  2 worker ants (D:4)
  A hound skeleton (D:8)
  A worker ant zombie (D:5)
  A howler monkey zombie (D:5)
  5 adders
  3 gnolls (D:7)
  An ooze (D:1)
  2 adder skeletons
  2 adder zombies
  2 worms (D:3)
  2 leopard geckos (D:3)
  37 orcs
  5 giant cockroaches
  6 hobgoblins
  10 jackals
  4 kobolds
  5 quokkas
  6 bats
  3 frilled lizards
  2 goblins
  A quokka skeleton (D:3)
  7 rats
172 creatures vanquished.

Vanquished Creatures (collateral kills)
  An orc warrior (Bailey)
  11 orcs (Bailey)
12 creatures vanquished.

Grand Total: 184 creatures vanquished

Notes
Turn   | Place    | Note
-------+----------+-------------------------------------------
     0 | D:1      | stormannn the Felid Berserker began the quest for the Orb.
     0 | D:1      | Reached XP level 1. HP: 10/10 MP: 2/2
   297 | D:1      | Reached XP level 2. HP: 14/14 MP: 3/3
   712 | D:2      | Found a hazy altar of Hepliaklqana.
   878 | D:2      | Reached ** piety under Trog
   907 | D:2      | Found an ornate altar of the Wu Jian Council.
   907 | D:2      | Found a white marble altar of Elyvilon.
  1175 | D:2      | Found a stormy altar of Qazlal.
  1349 | D:2      | Found a runed door.
  1484 | D:2      | Noticed Crazy Yiuf
  1491 | D:2      | Killed Crazy Yiuf
  1491 | D:2      | Reached XP level 3. HP: 10/18 MP: 4/4
  1663 | D:3      | Noticed Jessica
  1683 | D:3      | Killed Jessica
  1683 | D:3      | Reached XP level 4. HP: 22/22 MP: 5/5
  1789 | D:3      | Noticed Purgy
  1805 | D:3      | Killed Purgy
  1805 | D:3      | Reached skill level 5 in Dodging
  1805 | D:3      | Reached XP level 5. HP: 21/25 MP: 6/6
  2664 | D:4      | Noticed a hungry ghost
  2680 | D:4      | Killed a hungry ghost
  2680 | D:4      | Reached skill level 5 in Fighting
  2680 | D:4      | Reached skill level 5 in Unarmed Combat
  2680 | D:4      | Gained mutation: You are covered in thick fur. (AC +2)
                  | [Felid growth]
  2680 | D:4      | Reached XP level 6. HP: 18/30 MP: 7/7
  3076 | D:4      | Found a white marble altar of Elyvilon.
  3169 | D:4      | Reached XP level 7. HP: 19/33 MP: 8/8
  3479 | D:4      | Found a staircase to the Ecumenical Temple.
  3788 | D:4      | Found a glowing golden altar of the Shining One.
  3978 | D:5      | Entered Level 5 of the Dungeon
  4045 | D:5      | Reached *** piety under Trog
  4532 | D:5      | Reached XP level 8. HP: 39/39 MP: 9/9
  4596 | D:5      | Noticed Blork the orc
  4608 | D:5      | Killed Blork the orc
  5800 | D:6      | Noticed Prince Ribbit
  5807 | D:6      | Killed Prince Ribbit
  6185 | D:6      | Reached XP level 9. HP: 44/44 MP: 10/10
  6468 | D:7      | Noticed Duvessa
  6468 | D:7      | Noticed Dowan
  6478 | D:7      | Killed Dowan
  6479 | D:7      | Slain by Duvessa
  6480 | D:7      | Reached XP level 8. HP: 0/41 MP: 9/9
  7024 | D:7      | Reached **** piety under Trog
  7294 | D:7      | Found a deep blue altar of Sif Muna.
  7356 | D:7      | Slain by Duvessa
  7357 | D:7      | Reached XP level 7. HP: -3/55 MP: 8/8
  7506 | D:7      | Killed Duvessa
  7550 | D:7      | Found a sacrificial altar of Ru.
  7634 | D:8      | Reached XP level 8. HP: 28/42 MP: 9/9
  8063 | D:8      | Found a flagged portal.
  8082 | Bailey   | Entered a bailey
  8349 | Bailey   | Noticed an orc knight
  8349 | Bailey   | Noticed an orc knight
  8359 | Bailey   | Killed an orc knight
  8359 | Bailey   | Reached XP level 9. HP: 46/46 MP: 10/10
  8374 | Bailey   | Mangled by an orc warrior

Skill      XL: |  1  2  3  4  5  6  7  8  9 |
---------------+----------------------------+-----
Fighting       | 4 5 9 8 |  9.8
Unarmed Combat | 4 5 9 8 |  9.8
Dodging        | 5 6 9 8 |  9.4

Action                   |  1- 3 |  4- 6 |  7- 9 || total
-------------------------+-------+-------+-------++-------
Melee: Unarmed           |    85 |   122 |   354 ||   561
       Punch             |     4 |     3 |    12 ||    19
       Bite              |     7 |    13 |    52 ||    72
Invok: Berserk           |     1 |     3 |    15 ||    19
       Trog's Hand       |       |     2 |     5 ||     7
       Brothers in Arms  |       |       |     3 ||     3
  Use: Potion            |       |       |     3 ||     3
 Stab: Sleeping          |     4 |     5 |    10 ||    19
       Distracted        |       |       |     2 ||     2
  Eat: Chunk             |     8 |    16 |    36 ||    60
Armor: Skin              |     4 |    14 |     5 ||    23
Dodge: Dodged            |    54 |   149 |   378 ||   581
